 Dungeon Crawl Stone Soup version 0.31-a0-1467-g53b6572822 (webtiles) character file.

Game seed: 4104058926781668439

35 TabTabTab the Changeling (level 3, 0/34 HPs)
             Began as an Octopode Shapeshifter on Dec 28, 2023.
             Slain by Terence
             ... wielding a +2 hand axe of freezing
              (3 damage)
             ... on level 2 of the Dungeon.
             The game lasted 00:01:42 (1293 turns).

TabTabTab the Changeling (Octopode Shapeshifter)    Turns: 1293, Time: 00:01:42

Health: 0/34       AC: 21    Str: 13    XL:     3   Next: 35%
Magic:  3/3        EV:  2    Int: 12    God:
Gold:   149        SH:  0    Dex: 13    Spells: 2/2 levels left

rFire   . . .        f - +0 short sword
rCold   . . .        (no shield)
rNeg    . . .        (helmet currently unavailable)
rPois   +            (no amulet)
rElec   .            e - ring of poison resistance
rCorr   .            (no ring)
SInv    .            (no ring)
Will    .....        (no ring)
Stlth   ++           (no ring)
HPRegen 0.25/turn    (no ring)
MPRegen 0.08/turn    (no ring)
                     (no ring)

%: no passive effects
@: tree-form
A: stationary, stasis, torment immunity, boosted hp, almost no armour,
(amphibious), 8 rings, (camouflage 1), (gelatinous body 1), (nimble swimmer 1),
(tentacles)
a: no special abilities


You were on level 2 of the Dungeon.
You were a tree.
You visited 1 branch of the dungeon, and saw 2 of its levels.

You collected 149 gold pieces.

Inventory:

Hand Weapons
 f - a +0 short sword (weapon)
Jewellery
 e - a ring of poison resistance (left branch)
 h - a ring of positive energy
Talismans
 b - a beast talisman
 c - a flux talisman
Scrolls
 d - a scroll of enchant armour
 g - 2 scrolls of teleportation
 i - a scroll of identify
Potions
 a - a potion of lignification


   Skills:
 - Level 1.0 Fighting
 - Level 2.0 Dodging
 + Level 2.6 Stealth
 - Level 3.2 Unarmed Combat
 + Level 3.5 Shapeshifting


You had 2 spell levels left.
You didn't know any spells.
Your spell library contained the following spells:

 Spells                   Type           Power      Damage    Failure   Level
 Apportation              Tloc           0%         N/A       32%         1
 Necrotise                Necr           0%         1d4       32%         1
 Sting                    Conj/Alch      0%         1d3       32%         1
 Summon Small Mammal      Summ           0%         N/A       32%         1


Dungeon Overview and Level Annotations

Branches:
Dungeon (2/15)

Altars:

Annotations:
D:2 Terence


Innate Abilities, Weirdness & Mutations

You are a tree.
Your roots penetrate the ground, keeping you stationary.
You cannot be teleported.
You are immune to unholy pain and torment.
Your maximum health is greatly increased.
You cannot wear most types of armour.
((You are amphibious.))
You can wear up to eight rings at the same time.
((Your skin changes colour to match your surroundings (Stealth+).))
((Your rubbery body absorbs attacks. (AC +1, EV +1)))
((You are camouflaged when in or above water. (Stealth+)))
((You have tentacles for arms and can constrict up to eight enemies at once.))


Message History

Terence hits you but does no damage.
You hit Terence but do no damage.
Terence is heavily wounded.
Terence hits you but does no damage.
Unknown command.
You barely miss Terence.
Terence is heavily wounded.
Terence hits you with a +2 hand axe of freezing.
* * * LOW HITPOINT WARNING * * *
Terence freezes you.
* * * LOW HITPOINT WARNING * * *
Unknown command.
You hit Terence.
Terence is heavily wounded.
Terence hits you but does no damage.
Unknown command.
Unknown command.
You hit Terence but do no damage.
Terence is heavily wounded.
Terence hits you but does no damage.
Unknown command.
Unknown command.
You hit Terence but do no damage.
Terence is heavily wounded.
Terence hits you but does no damage.
Unknown command.
You barely miss Terence.
Terence is heavily wounded.
Terence barely misses you.
Unknown command.
You hit Terence but do no damage.
Terence is heavily wounded.
Terence hits you but does no damage.
Unknown command.
Unknown command.
You hit Terence but do no damage.
Terence is heavily wounded.
Terence hits you with a +2 hand axe of freezing.
You die...
Terence says, "Time to find some more victims."

#.....# #.#... #.....#
##.#### #.....# #......
#.....# #..#### #### #..#
# #... #..# # ##....#####
#..# # ...?..+...### #..#
#
##....###♣..########..####
........@.)...............
#####..............#.####
#..............#.#
#..............#.#
###########+####.# #..
###### ...


You could see Terence.

Vanquished Creatures
  An adder (D:2)
  A dart slug (D:1)
  2 endoplasms (D:1)
  2 giant cockroaches
  3 goblins
  3 hobgoblins
  2 quokkas
  A ball python (D:1)
  4 bats
  A frilled lizard (D:2)
  3 kobolds (D:1)
  2 rats
25 creatures vanquished.

Notes
Turn   | Place    | Note
-------+----------+-------------------------------------------
     0 | D:1      | TabTabTab the Octopode Shapeshifter began the quest for the
                  | Orb.
     0 | D:1      | Reached XP level 1. HP: 13/13 MP: 1/1
   115 | D:1      | Reached skill level 1 in Stealth
   115 | D:1      | Reached XP level 2. HP: 13/18 MP: 2/2
   517 | D:1      | Found a faded altar of an unknown god.
  1080 | D:2      | Reached XP level 3. HP: 23/23 MP: 3/3
  1273 | D:2      | Noticed Terence
  1287 | D:2      | HP: 1/34 [Terence/+2 hand axe of freezing (1)]
  1293 | D:2      | Slain by Terence

Illustrated notes

Levels and vault maps discovered:
D:1:      saegor_arrival_miasma, layout_basic, ebering_ecumenical_altar_box
D:2:      layout_basic, basic_altar, uniq_terence

Skill      XL: |  1  2 |
---------------+-------+-----
Stealth        | 1 2 |  2.6
Fighting       | |  1.0
Dodging        | |  2.0
Unarmed Combat | |  3.2
Shapeshifting  | |  3.5

Action                     || total
---------------------------++-------
  Melee: Unarmed           ||     8
         Punch             ||     3
         Constrict         ||    12
         Tentacles         ||     8
         Short sword       ||    45
    Use: Scroll            ||     3
         Potion            ||     1
   Stab: Sleeping          ||     6
 Armour: Skin              ||    22
  Dodge: Dodged            ||    24

Table legend: (Time is in decaauts)
 A = Elapsed time spent in this place.
 B = Non-inter-level travel time spent in this place.
 C = Inter-level travel time spent in this place.
 D = Time resting spent in this place.
 E = Time spent auto-exploring this place.
 F = Levels seen in this place.
 G = Mean time per level.
                   A        B        C        D        E       F      G
               +--------+--------+--------+--------+--------+-----+--------+
         Total |   1291 |   1262 |     29 |    108 |    940 |   2 |  645.5 |
       Dungeon |   1291 |   1262 |     29 |    108 |    940 |   2 |  645.5 |
               +--------+--------+--------+--------+--------+-----+--------+

Top non-repeatable levels by time:
     D:1: 985 daAuts
     D:2: 305 daAuts
